 Dungeon Crawl Stone Soup version 0.21.1-1-g345015f (webtiles) character file.

53 shakethe the Firebug (level 3, -3/19 HPs)
             Began as a Deep Elf Fire Elementalist on Feb 6, 2018.
             Slain by an orc
             ... wielding a +0 mace
              (7 damage)
             ... on level 2 of the Dungeon.
             The game lasted 00:06:25 (1597 turns).

shakethe the Firebug (Deep Elf Fire Elementalist)   Turns: 1597, Time: 00:06:25

Health: -3/19      AC:  3    Str:  5    XL:     3   Next: 62%
Magic:  5/10       EV: 13    Int: 20    God:
Gold:   107        SH:  0    Dex: 15    Spells: 8/9 levels left

rFire    . . .     SeeInvis .   e - +0 dagger
rCold    . . .     Gourm    .   (no shield)
rNeg     . . .     Faith    .   a - +0 robe
rPois    .         Spirit   .   (no helmet)
rElec    .         Reflect  .   k - +0 cloak
rCorr    .         Harm     .   (no gloves)
MR       .....                  (no boots)
Stlth    ++........             (no amulet)
HPRegen  0.06/turn              (no ring)
MPRegen  0.12/turn              (no ring)

@: very slightly contaminated
A: no striking features
a: no special abilities


You were on level 2 of the Dungeon.
You were not hungry.

You visited 1 branch of the dungeon, and saw 3 of its levels.

You collected 107 gold pieces.

Inventory:

Hand Weapons
 e - a +0 dagger (weapon)
 i - a +0 short sword
Armour
 a - a +0 robe (worn)
 k - a +0 cloak (worn)
 q - a +0 plate armour
Jewellery
 f - an uncursed amulet of regeneration {unknown}
Scrolls
 d - a scroll of random uselessness {unknown}
 h - 2 scrolls of fear {unknown}
 l - 3 scrolls of identify {unknown}
 o - a scroll of remove curse {unknown}
Potions
 g - a potion of haste {unknown}
 j - a potion of degeneration {unknown}
 m - 2 potions of brilliance {unknown}
 p - a potion of curing {unknown}
Books
 b - a book of Flames

   Spells                             Type                      Level
   a - Flame Tongue                   Conjuration/Fire             1
   b - Throw Flame                    Conjuration/Fire             2
   c - Conjure Flame                  Conjuration/Fire             3
   d - Inner Flame                    Hexes/Fire                   3
   e - Sticky Flame                   Conjuration/Fire             4
   f - Fireball                       Conjuration/Fire             5
Comestibles
 c - 3 rations


   Skills:
 - Level 2.4 Dodging
 - Level 2.4 Stealth
 + Level 3.7 Spellcasting
 + Level 2.2 Conjurations
 * Level 4.3 Fire Magic


You had 8 spell levels left.
You knew the following spells:

 Your Spells              Type           Power        Failure   Level  Hunger
a - Flame Tongue          Conj/Fire      ###..        3%          1    None


Dungeon Overview and Level Annotations

Branches:
Dungeon (3/15)

Altars:
Hepliaklqana


Message History

Press: ? - help, Shift-Dir - straight line, f/p - orc
Aim: an orc, wielding an enchanted flail and wearing a glowing leather armour The flame tongue hits the orc.
You kill the orc!
The orc closely misses you. The orc barely misses you.
There is a stone staircase leading up here.
Things that are here:
an enchanted flail; a glowing leather armour The orc hits you with a falchion.
* * * LOW HITPOINT WARNING * * *
The orc hits you but does no damage.
You climb upwards.
There is a stone staircase leading down here.
The orc hits you with a mace.
* * * LOW HITPOINT WARNING * * *
The orc closely misses you. The orc completely misses you.
The orc closely misses you. The orc hits you with a mace!
You die...

######.#### ##.#....# #.
#....# #....#### #. ####.#
###..### #. #.# ##....## #.
#########.####..##..# #.
##..........#...####.########
##<...........................
#..(...........##...#.########
#............@.####...#
#..#########..o.# ##..###
#.##..###..##o..####....#####
###.##.##.###...............##
#_#.##.##.#...######...###..#
####.##.##.##.>....##....##..
#..###..##........##.......
#### ####..........#..#.###
#..........#..#....


You could see 2 orcs.

Vanquished Creatures
  3 worms (D:2)
  3 leopard geckos
  3 orcs (D:3)
  2 goblins
  5 hobgoblins
  7 kobolds
  8 bats
  4 frilled lizards
  4 rats
39 creatures vanquished.

Notes
Turn   | Place    | Note
-------+----------+-------------------------------------------
     0 | D:1      | shakethe the Deep Elf Fire Elementalist began the quest for the Orb.
     0 | D:1      | Reached XP level 1. HP: 10/10 MP: 6/6
   142 | D:1      | Reached XP level 2. HP: 15/15 MP: 6/8
   803 | D:2      | Reached skill level 4 in Fire Magic
  1107 | D:2      | Reached XP level 3. HP: 19/19 MP: 8/10
  1171 | D:2      | Found a faded altar of an unknown god.
  1282 | D:2      | Found a hazy altar of Hepliaklqana.
  1597 | D:2      | Slain by an orc

Skill      XL: |  1  2  3 |
---------------+----------+-----
Fire Magic     | 4 |  4.3
Conjurations   | 2 |  2.2
Dodging        | |  2.4
Stealth        | |  2.4
Spellcasting   | |  3.7

Action                   || total
-------------------------++-------
Melee: Dagger            ||    14
 Cast: Flame Tongue      ||    65
  Eat: Chunk             ||     2
Armor: Robe              ||    14
Dodge: Dodged            ||    39
